TOP OF THE 1ST |
---|
Culver City Extras batting - Pitching for San Diego Smashers : RHP Andrés Franco | Pitching: RHP Andrés Franco | | Batting: RHB Horace Johnson | 0-0: Called Strike 0-1: Ball 1-1: Foul Ball, location: 2F 1-2: Ball 2-2: Ball 3-2: Base on Balls | Batting: LHB Jorge Martínez | 0-0: Called Strike 0-1: Fly out, F8 (Flyball, 8RS) | Batting: LHB Randy Wiggins | 0-0: Called Strike Throwing error on steal attempt, E2 Horace Johnson to third 0-1: Ball 1-1: Swinging Strike 1-2: Ball 2-2: Foul Ball, location: 2F 2-2: Ball 3-2: Base on Balls | Batting: LHB Buddy Rice | 0-0: Ball Randy Wiggins is caught stealing 2nd base 1-0: Ball 2-0: Ball 3-0: Called Strike 3-1: Foul Ball, location: 2F 3-2: Strikes out swinging | Top of the 1st over - 0 runs, 0 hits, 1 error, 1 left on base; Culver City 0 - San Diego 0 | BOTTOM OF THE 1ST |
---|
San Diego Smashers batting - Pitching for Culver City Extras : LHP Scott Davis | Pitching: LHP Scott Davis | | Batting: RHB Manny Torrez | 0-0: Ball 1-0: SINGLE (Line Drive, 9S) | Batting: RHB Gustavo Torres | 0-0: Foul Ball, location: 2F 0-1: Foul Ball, location: 2F 0-2: Fly out, F8 (Line Drive, 8LM) | Batting: RHB Dave King | 0-0: Ball 1-0: Fielders Choice at 2nd, 1-4 (Groundball, 15) | Batting: RHB Gerald Davis | 0-0: Ball 1-0: Fly out, F4 (Line Drive, 4M) | Bottom of the 1st over - 0 runs, 1 hit, 0 errors, 1 left on base; Culver City 0 - San Diego 0 | TOP OF THE 2ND |
---|
Culver City Extras batting - Pitching for San Diego Smashers : RHP Andrés Franco | Batting: SHB Joey Boyd | 0-0: Ball 1-0: Foul Ball, location: 2F 1-1: Foul Ball, location: 2F 1-2: Ball 2-2: Strikes out swinging | Batting: LHB Juan Hinojosa | 0-0: Ball 1-0: Foul Ball, location: 2F 1-1: Swinging Strike 1-2: Ball 2-2: Strikes out swinging | Batting: RHB Marcos Liñares | 0-0: SINGLE (Flyball, 9LM) | Batting: RHB John Stevens | 0-0: Ball 1-0: Called Strike Marcos Liñares steals 2nd base 1-1: Ground out U3 (Groundball, 3) | Top of the 2nd over - 0 runs, 1 hit, 0 errors, 1 left on base; Culver City 0 - San Diego 0 | BOTTOM OF THE 2ND |
---|
San Diego Smashers batting - Pitching for Culver City Extras : LHP Scott Davis | Batting: RHB Ray Rogers | 0-0: Ground out 6-3 (Groundball, 6) | Batting: RHB Juan Morales | 0-0: Called Strike 0-1: Ball 1-1: Foul Ball, location: 2F 1-2: Ball 2-2: Foul Ball, location: 2F 2-2: Ground out U3 (Groundball, 3) | Batting: SHB Michael Aisher | 0-0: Swinging Strike 0-1: Ball 1-1: Called Strike 1-2: Ball 2-2: Strikes out swinging | Bottom of the 2nd over - 0 runs, 0 hits, 0 errors, 0 left on base; Culver City 0 - San Diego 0 | TOP OF THE 3RD |
---|
Culver City Extras batting - Pitching for San Diego Smashers : RHP Andrés Franco | Batting: RHB Robert Koremans | 0-0: Ball 1-0: Foul Ball, location: 2F 1-1: Swinging Strike 1-2: Strikes out swinging | Batting: RHB Horace Johnson | 0-0: Bunt missed! 0-1: Called Strike 0-2: Ball 1-2: Ball 2-2: Ball 3-2: Base on Balls | Batting: LHB Jorge Martínez | 0-0: Called Strike 0-1: Ball 1-1: Swinging Strike 1-2: Ball 2-2: Foul Ball, location: 2F 2-2: Foul Ball, location: 2F 2-2: Strikes out swinging | Batting: LHB Randy Wiggins | 0-0: Ball Horace Johnson steals 2nd base 1-0: Fly out, F8 (Flyball, 8LM) | Top of the 3rd over - 0 runs, 0 hits, 0 errors, 1 left on base; Culver City 0 - San Diego 0 | BOTTOM OF THE 3RD |
---|
San Diego Smashers batting - Pitching for Culver City Extras : LHP Scott Davis | Batting: LHB Steven Smith | 0-0: Ball 1-0: Foul Ball, location: 2F 1-1: Foul Ball, location: 2F 1-2: Ball 2-2: Foul Ball, location: 2F 2-2: Ground out 2-3 (Groundball, 2R) | Batting: LHB Dale Miller | 0-0: Ball 1-0: Called Strike 1-1: Ball 2-1: Foul Ball, location: 2F 2-2: Strikes out swinging | Batting: RHB Manny Torrez | 0-0: Ball 1-0: Foul Ball, location: 2F 1-1: Swinging Strike 1-2: Ground out 5-3 (Groundball, 5S) | Bottom of the 3rd over - 0 runs, 0 hits, 0 errors, 0 left on base; Culver City 0 - San Diego 0 | TOP OF THE 4TH |
---|
Culver City Extras batting - Pitching for San Diego Smashers : RHP Andrés Franco | Batting: LHB Buddy Rice | 0-0: Called Strike 0-1: Foul Ball, location: 2F 0-2: Strikes out swinging | Batting: SHB Joey Boyd | 0-0: Swinging Strike 0-1: Ball 1-1: Swinging Strike 1-2: Ball 2-2: Strikes out swinging | Batting: LHB Juan Hinojosa | 0-0: Ball 1-0: Ball 2-0: Foul Ball, location: 2F 2-1: Foul Ball, location: 2F 2-2: Strikes out swinging | Top of the 4th over - 0 runs, 0 hits, 0 errors, 0 left on base; Culver City 0 - San Diego 0 | BOTTOM OF THE 4TH |
---|
San Diego Smashers batting - Pitching for Culver City Extras : LHP Scott Davis | Batting: RHB Gustavo Torres | 0-0: Called Strike 0-1: Ground out 4-3 (Groundball, 4) | Batting: RHB Dave King | 0-0: Ball 1-0: Foul Ball, location: 2F 1-1: Called Strike 1-2: Ground out 4-3 (Groundball, 4) | Batting: RHB Gerald Davis | 0-0: Fly out, F6 (Popup, 4MS) | Bottom of the 4th over - 0 runs, 0 hits, 0 errors, 0 left on base; Culver City 0 - San Diego 0 | TOP OF THE 5TH |
---|
Culver City Extras batting - Pitching for San Diego Smashers : RHP Andrés Franco | Batting: RHB Marcos Liñares | 0-0: Swinging Strike 0-1: Foul Ball, location: 2F 0-2: Strikes out looking | Batting: RHB John Stevens | 0-0: Ball 1-0: Swinging Strike 1-1: Swinging Strike 1-2: Strikes out swinging | Batting: RHB Robert Koremans | 0-0: Ball 1-0: Swinging Strike 1-1: Called Strike 1-2: Strikes out swinging | Top of the 5th over - 0 runs, 0 hits, 0 errors, 0 left on base; Culver City 0 - San Diego 0 | BOTTOM OF THE 5TH |
---|
San Diego Smashers batting - Pitching for Culver City Extras : LHP Scott Davis | Batting: RHB Ray Rogers | 0-0: Ground out 5-3 (Groundball, 56) | Batting: RHB Juan Morales | 0-0: Ball 1-0: Ground out 5-3 (Groundball, 5S) | Batting: SHB Michael Aisher | 0-0: Foul Ball, location: 2F 0-1: Ground out 6-3 (Groundball, 6) | Bottom of the 5th over - 0 runs, 0 hits, 0 errors, 0 left on base; Culver City 0 - San Diego 0 | TOP OF THE 6TH |
---|
Culver City Extras batting - Pitching for San Diego Smashers : RHP Andrés Franco | Batting: RHB Horace Johnson | 0-0: Ball 1-0: Called Strike 1-1: Ball 2-1: Foul Ball, location: 2F 2-2: Ball 3-2: Fly out, F8 (Flyball, 89D) | Pitching: LHP Doug Ledoux | | Batting: LHB Jorge Martínez | 0-0: Ball 1-0: Called Strike 1-1: Foul Ball, location: 2F 1-2: Ball 2-2: Foul Ball, location: 2F 2-2: Fly out, F8 (Flyball, 8RS) | Batting: LHB Randy Wiggins | 0-0: Fly out, F8 (Flyball, 8RM) | Top of the 6th over - 0 runs, 0 hits, 0 errors, 0 left on base; Culver City 0 - San Diego 0 | BOTTOM OF THE 6TH |
---|
San Diego Smashers batting - Pitching for Culver City Extras : LHP Scott Davis | Batting: LHB Steven Smith | 0-0: Called Strike 0-1: Ball 1-1: Foul Ball, location: 2F 1-2: Ball 2-2: Fly out, F8 (Flyball, 89D) | Batting: LHB Dale Miller | 0-0: Fly out, F7 (Flyball, 78D) | Batting: RHB Manny Torrez | 0-0: SINGLE (Flyball, 9S) | Batting: RHB Gustavo Torres | 0-0: Called Strike 0-1: Called Strike 0-2: Ball 1-2: SINGLE (Line Drive, 89S) Manny Torrez to second Runner from 2nd tries for 3rd, SAFE, throw made to third | Batting: RHB Dave King | 0-0: Ball Passed Ball! Manny Torrez scores Gustavo Torres to second 1-0: Called Strike 1-1: Ball 2-1: SINGLE (Groundball, 56D) Gustavo Torres to third Runner from 3rd tries for Home, SAFE, throw made home | Batting: RHB Gerald Davis | 0-0: Swinging Strike 0-1: Swinging Strike 0-2: Ball 1-2: Strikes out looking | Bottom of the 6th over - 2 runs, 3 hits, 0 errors, 1 left on base; Culver City 0 - San Diego 2 | TOP OF THE 7TH |
---|
Culver City Extras batting - Pitching for San Diego Smashers : LHP Doug Ledoux | Batting: LHB Buddy Rice | 0-0: Foul Ball, location: 2F 0-1: Foul Ball, location: 2F 0-2: Ball 1-2: Ball 2-2: Strikes out swinging | Batting: SHB Joey Boyd | 0-0: Ball 1-0: Foul Ball, location: 2F 1-1: Ball 2-1: Ball 3-1: Foul Ball, location: 2F 3-2: Base on Balls | Batting: LHB Juan Hinojosa | 0-0: Ball Wild Pitch! Joey Boyd to second 1-0: SINGLE (Groundball, 13) (infield hit) Joey Boyd to third | Batting: RHB Marcos Liñares | 0-0: DOUBLE (Flyball, 78D) Joey Boyd scores Juan Hinojosa to third | Batting: RHB John Stevens | 0-0: Called Strike 0-1: Ball 1-1: Swinging Strike 1-2: Strikes out swinging | Batting: RHB Robert Koremans | 0-0: Ball 1-0: Ball 2-0: Fly out, F5 (Line Drive, 5S) | Top of the 7th over - 1 run, 2 hits, 0 errors, 2 left on base; Culver City 1 - San Diego 2 | BOTTOM OF THE 7TH |
---|
San Diego Smashers batting - Pitching for Culver City Extras : LHP Scott Davis | Batting: RHB Ray Rogers | 0-0: Ball 1-0: Ball 2-0: Called Strike 2-1: Ground out 4-3 (Groundball, 4) | Batting: RHB Juan Morales | 0-0: Called Strike 0-1: Ball 1-1: Foul Ball, location: 2F 1-2: Ball 2-2: Ball 3-2: Foul Ball, location: 2F 3-2: Ground out 4-3 (Groundball, 4S) | Batting: SHB Michael Aisher | 0-0: Fly out, F9 (Flyball, 9S) | Bottom of the 7th over - 0 runs, 0 hits, 0 errors, 0 left on base; Culver City 1 - San Diego 2 | TOP OF THE 8TH |
---|
Culver City Extras batting - Pitching for San Diego Smashers : LHP Doug Ledoux | Now at SS: Walt Rodgers | | Batting: RHB Horace Johnson | 0-0: Ball 1-0: Ball 2-0: SOLO HOME RUN (Flyball, 7D), Distance : 346 ft | Pitching: LHP Mike Stevens | | Pinch Hitting: RHB Jason McIntosh | 0-0: Fly out, F6 (Line Drive, 6) | Batting: LHB Randy Wiggins | 0-0: Foul Ball, location: 2F 0-1: Ball 1-1: Swinging Strike 1-2: Strikes out swinging | Batting: LHB Buddy Rice | 0-0: Ball 1-0: Called Strike 1-1: Ball 2-1: Foul Ball, location: 2F 2-2: Ball 3-2: Foul Ball, location: 2F 3-2: Strikes out looking | Top of the 8th over - 1 run, 1 hit, 0 errors, 0 left on base; Culver City 2 - San Diego 2 | BOTTOM OF THE 8TH |
---|
San Diego Smashers batting - Pitching for Culver City Extras : LHP Scott Davis | Now in CF: Jason McIntosh | | Batting: LHB Steven Smith | 0-0: Fly out, F9 (Flyball, 89S) | Pinch Hitting: RHB Fred Ameris | 0-0: Called Strike 0-1: Ball 1-1: Ball 2-1: Swinging Strike 2-2: Ground out 4-3 (Groundball, 34) | Batting: RHB Manny Torrez | 0-0: Called Strike 0-1: Swinging Strike 0-2: Ball 1-2: SINGLE (Groundball, 34D) | Batting: RHB Gustavo Torres | 0-0: Ball 1-0: Ball 2-0: Called Strike 2-1: Swinging Strike 2-2: Ball Manny Torrez steals 2nd base 3-2: Foul Ball, location: 2F 3-2: SINGLE (Groundball, 4) (infield hit) Manny Torrez to third | Pinch Runner at 1st Roderick Delgado: | | Batting: RHB Dave King | 0-0: Called Strike 0-1: Swinging Strike 0-2: Ball Roderick Delgado is caught stealing 2nd base | Bottom of the 8th over - 0 runs, 2 hits, 0 errors, 1 left on base; Culver City 2 - San Diego 2 | TOP OF THE 9TH |
---|
Culver City Extras batting - Pitching for San Diego Smashers : LHP Mike Stevens | Pitching: RHP Bobby Booker | | Now at 1B: Fred Ameris | | Now in CF: Roderick Delgado | | Pinch Hitting: LHB Tony Smith | 0-0: Ball 1-0: Fly out, F9 (Flyball, 9LS) | Batting: LHB Juan Hinojosa | 0-0: Called Strike 0-1: Ball 1-1: Ball 2-1: Ball 3-1: Base on Balls | Batting: RHB Marcos Liñares | 0-0: Called Strike 0-1: Ball 1-1: Ball Juan Hinojosa is caught stealing 2nd base 2-1: Ground out 4-3 (Groundball, 4M) | Top of the 9th over - 0 runs, 0 hits, 0 errors, 0 left on base; Culver City 2 - San Diego 2 | BOTTOM OF THE 9TH |
---|
San Diego Smashers batting - Pitching for Culver City Extras : LHP Scott Davis | Now in RF: Ricardo Deleón | | Batting: RHB Dave King | 0-0: Called Strike 0-1: Foul Ball, location: 2F 0-2: Foul Ball, location: 2F 0-2: Ball 1-2: Ball 2-2: Ball 3-2: DOUBLE (Line Drive, 89D) | Batting: SHB Walt Rodgers | 0-0: Ball 1-0: Called Strike 1-1: Foul Ball, location: 2F 1-2: Ball 2-2: Foul Ball, location: 2F 2-2: Ball 3-2: Strikes out swinging | Pitching: LHP Henry Brown | | Batting: RHB Ray Rogers | 0-0: Ball 1-0: SINGLE (Flyball, 8LS) Dave King to third | Batting: RHB Juan Morales | 0-0: Called Strike 0-1: Swinging Strike 0-2: Strikes out swinging | Pinch Hitting: LHB John White | 0-0: Foul Ball, location: 2F 0-1: Ball 1-1: Swinging Strike 1-2: Strikes out swinging | Bottom of the 9th over - 0 runs, 2 hits, 0 errors, 2 left on base; Culver City 2 - San Diego 2 | TOP OF THE 10TH |
---|
Culver City Extras batting - Pitching for San Diego Smashers : RHP Bobby Booker | Now at 2B: Sean Smith | | Pinch Hitting: LHB Richard Bell | 0-0: Ball 1-0: DOUBLE (Line Drive, 9LM) | Pinch Hitting: RHB Dave Anderson | 0-0: Swinging Strike 0-1: Swinging Strike 0-2: Ball 1-2: Ground out 5-3 (Groundball, 56) | Batting: RHB Horace Johnson | 0-0: Intentional Walk | Batting: RHB Jason McIntosh | 0-0: Ball 1-0: Ball 2-0: SINGLE (Line Drive, 56D) Richard Bell to third Horace Johnson to second | Batting: LHB Randy Wiggins | 0-0: Called Strike 0-1: Swinging Strike 0-2: Foul Ball, location: 2F 0-2: Ball 1-2: Fly out, F6 (Popup, 6M) | Batting: LHB Buddy Rice | 0-0: Fielders Choice at 2nd, 6-4 (Groundball, 6) | Top of the 10th over - 0 runs, 2 hits, 0 errors, 3 left on base; Culver City 2 - San Diego 2 | BOTTOM OF THE 10TH |
---|
San Diego Smashers batting - Pitching for Culver City Extras : LHP Henry Brown | Pitching: RHP Alejandro Longoria | | Now at C: Pancho Reyna | | Now at 3B: Richard Bell | | Batting: LHB Steven Smith | 0-0: Ball 1-0: Ball 2-0: Fly out, F5 (Popup, 56S) | Batting: RHB Fred Ameris | 0-0: Ball 1-0: Foul Ball, location: 2F 1-1: Swinging Strike 1-2: Foul Ball, location: 2F 1-2: Ball 2-2: Strikes out swinging, 2-3 out at first. | Pinch Hitting: LHB Richard Brooks | 0-0: Ground out 1-3 (Groundball, 13) | Bottom of the 10th over - 0 runs, 0 hits, 0 errors, 0 left on base; Culver City 2 - San Diego 2 | TOP OF THE 11TH |
---|
Culver City Extras batting - Pitching for San Diego Smashers : RHP Bobby Booker | Pitching: LHP Alejandro Flores | | Now in RF: Richard Brooks | | Batting: RHB Ricardo Deleón | 0-0: Ball 1-0: Foul Ball, location: 2F 1-1: Foul Ball, location: 2F 1-2: Foul Ball, location: 2F 1-2: Ball 2-2: Ball 3-2: Base on Balls | Batting: LHB Juan Hinojosa | 0-0: Ball 1-0: Ball 2-0: Foul Ball, location: 2F 2-1: Fielders Choice at 2nd, 4-6 (Groundball, 34) | Batting: RHB Marcos Liñares | 0-0: Called Strike 0-1: Swinging Strike 0-2: Ball Juan Hinojosa is caught stealing 2nd base 1-2: Strikes out swinging | Top of the 11th over - 0 runs, 0 hits, 0 errors, 0 left on base; Culver City 2 - San Diego 2 | BOTTOM OF THE 11TH |
---|
San Diego Smashers batting - Pitching for Culver City Extras : RHP Alejandro Longoria | Batting: LHB Roderick Delgado | 0-0: Ball 1-0: SOLO HOME RUN (Flyball, 89XD), Distance : 397 ft | Saturday, December 16th, 2017 - OOTP Baseball 18.8 Build 76 |
|